 Dungeon Crawl Stone Soup version 0.28-a0-172-g787e458d71 (webtiles) character file.

Game seed: 9671752640875731243

10383 Maimakterion the Grappler (level 11, -2/101 HPs)
             Began as a Troll Monk on Aug 16, 2021.
             Was a Follower of Cheibriados.
             Slain by an acid dragon (8 damage)
             ... on level 9 of the Dungeon.
             The game lasted 00:11:50 (6579 turns).

Maimakterion the Grappler (Troll Monk)              Turns: 6579, Time: 00:11:50

Health: -2/101     AC:  3    Str: 27    XL:     11   Next: 35%
Magic:  0/10       EV: 12    Int:  9    God:    Cheibriados [*.....]
Gold:   504        SH:  0    Dex: 15    Spells: 10/10 levels left

rFire   + + .      SeeInvis .     - Unarmed
rCold   + . .      Faith    .   (no shield)
rNeg    . . .      Spirit   +   u - +1 robe {rC+ rF+}
rPois   .          Reflect  .   (helmet restricted)
rElec   .          Harm     .   l - +1 cloak
rCorr   .          Rampage  .   (gloves unavailable)
Will    +....                   (boots unavailable)
Stlth   ++........              b - amulet of guardian spirit
HPRegen 1.26/turn               o - ring of protection from fire
MPRegen 0.12/turn               w - ring of willpower

@: corroded, invisible, very slow
A: large, unfitting armour, claws 3, regeneration 1, shaggy fur 1, tough skin 1
a: Renounce Religion, Bend Time


You were on level 9 of the Dungeon.
You worshipped Cheibriados.
Cheibriados was aware of your devotion.
You visited 1 branch of the dungeon, and saw 9 of its levels.

You collected 504 gold pieces.

Inventory:

Missiles
 c - 2 throwing nets
 m - 27 sling bullets
 n - 170 stones (quivered)
Armour
 l - a +1 cloak (worn)
 u - a +1 robe of resistance (worn)
 A - +0 steam dragon scales
Jewellery
 b - an amulet of guardian spirit (around neck)
 o - a ring of protection from fire (left claw)
 w - a ring of willpower (right claw)
Wands
 a - a wand of acid (4)
 r - a wand of flame (41)
 y - a wand of digging (5)
Scrolls
 d - 3 scrolls of magic mapping
 f - a scroll of torment {unknown}
 i - a scroll of fear {unknown}
 j - a scroll of enchant weapon {unknown}
 v - a scroll of holy word {unknown}
 z - a scroll of noise {unknown}
 C - a scroll of teleportation {unknown}
Potions
 e - 4 potions of mutation {unknown}
 g - a potion of resistance
 p - a potion of might {unknown}
 q - a potion of magic {unknown}
 s - a potion of berserk rage {unknown}
 t - 2 potions of haste {unknown}
 x - a potion of cancellation {unknown}


   Skills:
 + Level 4.6 Fighting
 * Level 5.2 Throwing
 + Level 5.9 Dodging
 - Level 1.0 Stealth
 * Level 14.6 Unarmed Combat


You had 10 spell levels left.
You didn't know any spells.
Your spell library contained the following spells:

 Spells                   Type           Power      Damage    Failure   Level
 Freeze                   Ice            0%         1d3       38%         1
 Corpse Rot               Necr/Air       N/A        N/A       52%         2
 Poisonous Vapours        Pois/Air       0%         N/A       52%         2
 Slow                     Hex            0%         N/A       52%         2
 Static Discharge         Conj/Air       0%         N/A       52%         2
 Confusing Touch          Hex            0%         N/A       77%         3
 Frozen Ramparts          Ice            0%         1d2       77%         3
 Vampiric Draining        Necr           0%         2d6       77%         3
 Hailstorm                Conj/Ice       0%         3d3       99%         4
 Freezing Cloud           Conj/Ice/Air   0%         6-21      100%        5
 Lightning Bolt           Conj/Air       0%         1d11      100%        5
 Maxwell's Capacitive Co  Air            0%         ∞         100%        8


Dungeon Overview and Level Annotations

Branches:
Dungeon (9/15)             Temple (0/1) D:6            Lair (0/6) D:8
    Orc: D:9-12

Altars:
Cheibriados
Nemelex Xobeh
Okawaru
Qazlal
Sif Muna
Uskayaw
Yredelemnul
Zin

Shops:
D:1 (   D:3 *   D:7 =

Annotations:
D:2 exclusion: ogre
D:9 2 transporters, mdk's ghost, journeyman OgHu


Innate Abilities, Weirdness & Mutations

You are too large for most types of armour.
You have claws for hands.
Your natural rate of healing is unusually fast.
You are covered in fur. (AC +1)
You have tough skin. (AC +1)


Message History

You hear a shout!
You mangle the two-headed ogre!!
The two-headed ogre is heavily wounded.
An orc comes into view. It is wielding a +0 hand axe.
You scratch the two-headed ogre but do no damage.
The two-headed ogre is heavily wounded.
The howler monkey hoots and howls with incredible vigour!
The two-headed ogre barely misses you.
The two-headed ogre hits you with a +0 giant spiked club!!
* * * LOW HITPOINT WARNING * * *
You take 22 damage, and have 28/101 hp.
MASSIVE DAMAGE!!
You now have 3/10 mp.
You mangle the two-headed ogre!!
You kill the two-headed ogre!
Cheibriados appreciates the change of pace.
An orc priest comes into view. It is wielding a +0 short sword.
You mangle the howler monkey!!
You kill the howler monkey!
Cheibriados appreciates the change of pace.
An acid dragon comes into view.
You mangle the orc priest!!
You kill the orc priest!
Cheibriados appreciates the change of pace.
You scratch the orc but do no damage. Your claw misses the orc.
The orc barely misses you.
You claw the orc!
You kill the orc!
Cheibriados appreciates the change of pace.
You claw the acid dragon!
The acid dragon is moderately wounded.
The acid dragon spits acid at you. The splash of acid hits you!
* * * LOW HITPOINT WARNING * * *
The acid corrodes you!
You are splashed with acid!
* * * LOW HITPOINT WARNING * * *
You take 28 damage, and have 4/101 hp.
MASSIVE DAMAGE!!
You now have 1/10 mp.
Okay, then.
You fade into invisibility!
The orc throws a poisoned dart.
The poisoned dart hits the acid dragon!
The acid dragon is poisoned.
The acid dragon bites you!
You die...

...#########.####........#
...# [..### #......<.#
..## .....# #........# ..#
...... ##........# .##
....##.........# .#
#...#.........# .#
#$.o##........# .+
#.ooD)........# ##
#$.{#@........# ##
#...##........# .##
.o..##.........# ..#
...oo.#..........# ###
...o.####........# # (.!##
#........# # ######
#........#
######.>#########........#
...................####..#


You could see an acid dragon (very poisoned) and 3 orcs.

Vanquished Creatures
  Harold (D:9)
  2 two-headed ogres
  Pikel (D:9)
  A kobold demonologist (D:7)
  5 slime creatures (D:9)
  2 wyverns
  15 yaks
  A steam dragon (D:8)
  3 orc warriors
  2 black bears
  6 ogres
  5 centaurs
  A lemure (D:9)
  3 kobold brigands
  3 bullfrogs
  A gnoll sergeant (D:7)
  A wyvern zombie (D:6)
  2 water moccasin zombies (D:6)
  A wyvern skeleton (D:7)
  3 scorpions
  4 killer bees (D:9)
  4 wights (D:7)
  3 howler monkeys (D:9)
  4 centaur zombies
  4 hounds
  2 bullfrog zombies (D:5)
  5 orc priests
  2 bullfrog skeletons (D:7)
  Jessica (D:2)
  Terence (D:2)
  4 iguanas
  8 orc wizards
  A hound zombie (D:5)
  10 gnolls
  7 adders
  An ufetubus (D:4)
  An adder skeleton (D:4)
  3 worms (D:2)
  5 dart slugs
  20 orcs
  8 bats
  6 endoplasms
  A giant cockroach (D:2)
  9 goblins
  6 hobgoblins
  4 quokkas
  5 ball pythons
  23 kobolds
  5 rats
216 creatures vanquished.

Vanquished Creatures (collateral kills)
  2 yaks (D:9)
  A centaur zombie (D:9)
3 creatures vanquished.

Vanquished Creatures (others)
  4 fungi (D:8)
  8 plants (D:8)
12 creatures vanquished.

Grand Total: 231 creatures vanquished

Notes
Turn   | Place    | Note
-------+----------+-------------------------------------------
     0 | D:1      | Maimakterion the Troll Monk began the quest for the Orb.
     0 | D:1      | Reached XP level 1. HP: 22/22 MP: 0/0
   128 | D:1      | Reached XP level 2. HP: 18/29 MP: 1/1
   140 | D:1      | Found a faded altar of an unknown god.
   260 | D:1      | Found Plog's Antique Weapon Boutique.
   407 | D:1      | Reached XP level 3. HP: 36/36 MP: 2/2
   818 | D:2      | Noticed an ogre
   901 | D:2      | Noticed Terence
   923 | D:2      | Killed Terence
   924 | D:2      | Reached skill level 4 in Unarmed Combat
   938 | D:2      | Reached XP level 4. HP: 44/44 MP: 1/3
  1002 | D:2      | Noticed Jessica
  1009 | D:2      | Killed Jessica
  1282 | D:2      | Found a stormy altar of Qazlal.
  1366 | D:2      | Reached skill level 5 in Unarmed Combat
  1500 | D:3      | Reached XP level 5. HP: 40/52 MP: 2/4
  1540 | D:3      | Found a stormy altar of Qazlal.
  1592 | D:3      | Found a sparkling altar of Nemelex Xobeh.
  1729 | D:3      | Found Zin's Purification Station.
  1737 | D:3      | Found a glowing silver altar of Zin.
  2115 | D:4      | Identified the +5 hunting sling "Beastbane" {speed, rPois
                  | rN+ Int+4 SInv}
  2533 | D:4      | Found a hide-covered altar of Uskayaw.
  2596 | D:4      | Found an iron altar of Okawaru.
  2596 | D:4      | Noticed an ogre
  2602 | D:4      | Killed an ogre
  2603 | D:4      | Reached skill level 6 in Unarmed Combat
  2603 | D:4      | Reached XP level 6. HP: 46/61 MP: 3/5
  2634 | D:5      | Entered Level 5 of the Dungeon
  2713 | D:4      | Reached skill level 7 in Unarmed Combat
  2754 | D:5      | Reached XP level 7. HP: 67/67 MP: 6/6
  2764 | D:5      | Found a shimmering blue altar of Sif Muna.
  2869 | D:5      | Noticed a wyvern
  2878 | D:5      | Killed a wyvern
  2879 | D:5      | Reached skill level 8 in Unarmed Combat
  2996 | D:5      | Reached skill level 1 in Throwing
  3008 | D:5      | Reached XP level 8. HP: 68/75 MP: 5/7
  3381 | D:6      | Reached skill level 9 in Unarmed Combat
  3658 | D:6      | You fall into a shaft and drop 3 floors!
  3789 | D:9      | Reached skill level 10 in Unarmed Combat
  3838 | D:9      | Reached XP level 9. HP: 52/84 MP: 5/8
  3983 | D:9      | Found a transporter.
  3989 | D:9      | Noticed Harold
  3998 | D:9      | Killed Harold
  3999 | D:9      | Reached skill level 11 in Unarmed Combat
  4045 | D:9      | Noticed mdk's ghost (journeyman OgHu)
  4060 | D:9      | Found a transporter.
  4065 | D:9      | Noticed Pikel
  4075 | D:9      | Killed Pikel
  4076 | D:9      | Reached skill level 5 in Dodging
  4309 | D:9      | Reached skill level 12 in Unarmed Combat
  4312 | D:9      | Reached XP level 10. HP: 69/92 MP: 5/9
  4450 | D:8      | Noticed a two-headed ogre
  4465 | D:8      | Killed a two-headed ogre
  4514 | D:8      | Found a staircase to the Lair.
  4733 | D:7      | Found Motegiwu's Jewellery Shoppe.
  4778 | D:7      | Reached skill level 13 in Unarmed Combat
  5205 | D:6      | Found a basalt altar of Yredelemnul.
  5214 | D:6      | Found a snail-covered altar of Cheibriados.
  5303 | D:6      | Became a worshipper of Cheibriados the Contemplative
  5303 | D:6      | Reached * piety under Cheibriados
  5303 | D:6      | Reached ** piety under Cheibriados
  5358 | D:6      | Found a staircase to the Ecumenical Temple.
  6515 | D:9      | Reached XP level 11. HP: 101/101 MP: 6/10
  6528 | D:9      | Reached skill level 14 in Unarmed Combat
  6539 | D:9      | Reached skill level 5 in Throwing
  6545 | D:9      | Noticed a two-headed ogre
  6573 | D:9      | Killed a two-headed ogre
  6578 | D:9      | HP: 4/101 [acid (13)]
  6579 | D:9      | Slain by an acid dragon

Illustrated notes

Levels and vault maps discovered:
D:1:      minmay_arrival_radiant_lines, layout_loops_ring, serial_shops,
          nicolae_diamond_shop, hellmonk_ecumenical_altar_pennies_from_heaven,
          minmay_misc_feat_roman, chequers_serial_rivers_large_b,
          kennysheep_doodads, minmay_tree_intersection, minmay_pentomino_x2
D:2:      layout_rooms, basic_altar, uniq_jessica, uniq_terence
D:3:      layout_rooms, marbit_many_paths, zin_purify,
          nicolae_qazlal_eye_of_the_storm, minmay_misc_feat_four_crosses
D:4:      layout_basic, mainiacjoe_overflow_swirl, corexii_corridor_pit
D:5:      layout_rooms, mainiacjoe_overflow_chevrons, palyth_stone_intersect,
          glass_columns_a
D:6:      layout_basic, jmf_multi_god_temple, minmay_temple_entry_proselytizer,
          kennysheep_diamond
D:7:      layout_cave_pools, serial_gnoll_camp, gnoll_camp_mini_hut,
          gnoll_camp_mini_loothouse, gnoll_camp_mini_shop, gnoll_camp_mini_hut
D:8:      layout_cave_pools, dpeg_oklobed_lair
D:9:      layout_small_grid, gammafunk_ghost_stat_death, grunt_potential,
          uniq_pikel, uniq_harold

Skill      XL: |  1  2  3  4  5  6  7  8  9 10 11 |
---------------+----------------------------------+-----
Unarmed Combat | 4 5 6 7 8 10 12 13 14 | 14.6
Fighting       | 3 4 |  4.6
Dodging        | 3 4 5 |  5.9
Throwing       | 1 2 3 4 5 |  5.2
Stealth        | |  1.0

Action                   |  1- 3 |  4- 6 |  7- 9 | 10-12 || total
-------------------------+-------+-------+-------+-------++-------
Melee: Unarmed           |    70 |   131 |   160 |   206 ||   567
       Punch             |     2 |     2 |     9 |    13 ||    26
 Fire: Hunting sling     |       |     8 |    28 |    39 ||    75
  Use: Scroll            |       |     2 |     1 |     4 ||     7
       Potion            |       |       |     1 |     2 ||     3
 Stab: Sleeping          |     5 |     3 |       |     4 ||    12
Armor: Robe              |    27 |    33 |    48 |    49 ||   157
       Skin              |       |       |       |    16 ||    16
Dodge: Dodged            |    26 |    57 |   102 |    97 ||   282

Table legend: (Time is in decaauts)
 A = Elapsed time spent in this place.
 B = Non-inter-level travel time spent in this place.
 C = Inter-level travel time spent in this place.
 D = Time resting spent in this place.
 E = Time spent auto-exploring this place.
 F = Levels seen in this place.
 G = Mean time per level.
                   A        B        C        D        E       F      G
               +--------+--------+--------+--------+--------+-----+--------+
         Total |   6869 |   6468 |    401 |    329 |   4759 |   9 |  763.2 |
       Dungeon |   6869 |   6468 |    401 |    329 |   4759 |   9 |  763.2 |
               +--------+--------+--------+--------+--------+-----+--------+

Top non-repeatable levels by time:
     D:6: 1389 daAuts
     D:1: 893 daAuts
     D:9: 843 daAuts
     D:4: 760 daAuts
     D:7: 704 daAuts
     D:5: 655 daAuts
     D:2: 589 daAuts
     D:8: 561 daAuts
     D:3: 474 daAuts
